Map: Vigília Leste LE

Players

SILVERXGUN - Winner!

  • Race: Protoss Protoss
  • League: Silver
  • Spawn Location: 7:00

IagoAbreu

  • Race: Zerg Zerg
  • League: Gold
  • Spawn Location: 1:00

VOD

Have the link to the VOD?

Description

Time

  • Played on: May 9, 2018, 1:47 p.m.
  • Length: 17:26
Show
View Real Time Build Order
Export as new Build Order

SILVERXGUN Protoss - Winner!

Build Orders:  

Get SALT Encoding   

  12  0:01  Probe  
  13  0:13  Probe  
  14  0:25  Probe  
  15  0:51  Pylon  
  15  1:09  Probe  
  16  1:20  Gateway  
  16  1:22  Gateway, Probe  
  17  1:27  Gateway  
  17  1:34  Probe  
  17  1:38  Assimilator  
  18  1:51  Probe  
  19  1:56  Nexus  
  19  2:03  Forge  
  19  2:13  Probe  
  20  2:24  Pylon, Zealot  
  22  2:34  Probe  
  23  3:00  Zealot  
  23  3:02  Cybernetics Core  
  23  3:03  Probe  
  26  3:08  Assimilator  
  26  3:16  Photon Cannon, Probe  
  26  3:18  Photon Cannon  
  27  3:24  Probe  
  28  3:28  Probe  
  28  3:34  Protoss Ground Weapons Level 1  
  29  3:35  Warp Gate  
  29  3:36  Probe  
  29  3:40  Probe  
  31  3:48  Probe  
  31  3:52  Probe  
  33  3:58  Adept  
  33  4:00  Probe  
  36  4:04  Probe  
  37  4:12  Probe  
  37  4:16  Stargate  
  38  4:18  Probe  
  39  4:25  Probe  
  39  4:29  Assimilator  
  40  4:35  Probe  
  41  4:46  Pylon  
  41  4:50  Probe  
  41  4:51  Oracle, Probe  
  43  5:06  Probe  
  43  5:07  Probe  
  48  5:20  Photon Cannon  
  48  5:21  Photon Cannon  
  48  5:27  Probe x2  
  52  6:05  Adept  
  52  6:22  Pylon  
  52  6:24  Protoss Ground Armor Level 1  
  52  6:25  Probe x2  
  54  6:30  Nexus  
  54  6:36  Void Ray  
  54  6:43  Robotics Facility  
  58  6:58  Adept  
  58  6:59  Adept  
  62  7:08  Shield Battery  
  62  7:11  Pylon  
  62  7:21  Stargate  
  62  7:23  Stargate  
  62  7:27  Pylon  
  62  7:29  Pylon  
  62  7:42  Twilight Council  
  62  7:43  Void Ray  
  62  7:44  Adept x2  
  62  7:45  Adept  
  68  7:51  Immortal  
  74  8:18  Stalker  
  70  8:22  Stalker  
  64  8:31  Immortal  
  64  8:40  Stalker  
  64  8:47  Adept  
  66  8:54  Void Ray  
  66  9:13  Probe  
  66  9:15  Void Ray  
  66  9:16  Charge  
  67  9:18  Void Ray  
  67  9:25  Dark Shrine, Probe  
  67  9:31  Void Ray  
  76  9:37  Probe  
  81  9:42  Gateway  
  81  9:50  Photon Cannon  
  81  10:08  Probe x2  
  81  10:09  Shield Battery  
  81  10:10  Assimilator  
  81  10:11  Probe  
  50  10:23  Probe  
  44  10:35  Probe  
  42  10:36  Void Ray x3  
  42  10:40  Probe x2  
  56  10:52  Probe x2  
  58  11:04  Assimilator  
  58  11:06  Assimilator  
  55  11:50  Probe  
  56  11:57  Observer  
  57  12:03  Probe  
  57  12:04  Void Ray  
  58  12:15  Probe  
  62  12:25  Probe  
  62  12:27  Probe  
  64  12:36  Probe  
  64  12:39  Probe  
  66  12:44  Probe  
  66  12:45  Protoss Air Weapons Level 1  
  67  12:53  Probe  
  67  12:57  Zealot x2  
  72  13:03  Void Ray  
  76  13:19  Probe  
  77  13:20  Probe  
  77  13:22  Photon Cannon  
  78  13:28  Void Ray  
  78  13:31  Probe  
  78  13:33  Probe x2  
  84  13:41  Probe  
  85  13:45  Probe  
  87  13:49  Probe  
  88  13:56  Void Ray  
  88  13:57  Probe  
  93  14:15  Pylon  
  93  14:17  Pylon  
  93  14:19  Pylon  
  93  14:23  Probe  
  91  14:32  Void Ray x2  
  91  14:35  Probe  
  100  14:41  Dark Templar  
  102  14:47  Probe  
  103  14:53  Probe  
  103  14:59  Probe  
  105  15:05  Probe  
  106  15:11  Probe  
  107  15:17  Probe  
  107  15:20  Pylon  
  108  15:23  Probe  
  109  15:29  Probe  
  109  15:35  Probe  
  111  15:41  Probe  
  112  15:55  Zealot  
  112  15:56  Zealot  
  79  17:18  Nexus  
Show
View Real Time Build Order
Export as new Build Order

IagoAbreu Zerg 

Build Orders: Pool First 

Get SALT Encoding   

  12  0:07  Drone  
  12  0:09  Drone  
  14  0:22  Overlord  
  14  0:26  Extractor  
  13  0:31  Drone  
  14  0:53  Spawning Pool  
  13  1:01  Drone x3  
  16  1:30  Hatchery  
  17  1:51  Drone x3  
  18  1:57  Roach Warren  
  17  2:01  Evolution Chamber  
  16  2:11  Drone  
  17  2:30  Zerg Missile Weapons Level 1  
  17  2:33  Drone  
  17  2:35  Drone  
  19  2:44  Extractor  
  19  2:45  Queen  
  20  2:55  Drone x2  
  22  3:05  Drone  
  23  3:06  Burrow  
  23  3:12  Drone x2  
  25  3:13  Drone  
  26  3:31  Overlord  
  26  3:40  Roach  
  28  3:47  Overlord x2  
  28  3:56  Roach  
  28  3:57  Roach x3  
  36  4:05  Roach x2  
  40  4:15  Drone  
  42  4:17  Drone  
  42  4:23  Spine Crawler  
  41  4:26  Lair  
  41  4:33  Zerg Ground Armor Level 1  
  43  4:38  Roach x2  
  43  4:39  Roach x2  
  43  4:41  Roach  
  51  4:46  Overlord  
  51  5:02  Ravager  
  52  5:07  Drone x2  
  52  5:12  Roach x3  
  60  5:22  Extractor  
  60  5:24  Extractor  
  60  5:27  Overlord  
  58  5:29  Overlord  
  58  5:35  Tunneling Claws  
  55  5:43  Roach  
  55  5:44  Roach  
  59  6:02  Overlord  
  59  6:06  Roach x2  
  59  6:07  Roach  
  65  6:13  Ravager  
  65  6:17  Drone  
  67  6:27  Ravager  
  68  6:32  Queen  
  68  6:38  Drone x2  
  72  6:42  Ravager  
  70  7:09  Roach x2  
  70  7:10  Roach x3  
  80  7:16  Zerg Missile Weapons Level 2  
  80  7:20  Zergling x6  
  83  7:49  Roach x21  
  83  7:53  Overseer  
  83  7:57  Overseer  
  62  8:39  Roach x6  
  62  8:40  Roach x4  
  72  9:06  Roach  
  72  9:07  Roach  
  76  9:17  Zergling x8  
  76  9:18  Zergling x2  
  76  9:20  Hatchery  
  80  9:44  Metabolic Boost  
  80  9:48  Zerg Ground Armor Level 2  
  80  9:50  Overlord x2  
  80  9:52  Roach x21, Overlord  
  74  10:19  Roach x8  
  33  10:51  Overseer x2  
  33  10:57  Queen  
  33  10:58  Roach x5, Overseer  
  35  11:35  Hydralisk Den  
  34  11:47  Roach x3  
  24  12:27  Hydralisk x10  
  24  12:28  Hydralisk x5  
  54  12:44  Pneumatized Carapace  
  54  12:58  Hydralisk  
  54  13:02  Extractor  
  54  13:04  Extractor  
  54  13:52  Hydralisk x2  
  54  13:53  Hydralisk x6  
  70  14:07  Drone  
  70  14:09  Drone  
  72  14:49  Grooved Spines  
  72  14:54  Drone  
  72  14:55  Drone x5  
  68  15:45  Hydralisk x4  
  68  15:48  Overlord x2  
Tags
 
Add a new tag
Caveats
  • Supply blocks, unpowered buildings, or Contaminate may cause inaccurate times.
  • Supply counts are checked every 10 seconds.